 Dungeon Crawl Stone Soup version 0.24-a0-528-g98e85ec62a (webtiles) character file.

Game seed: 5407354246146292327

200148 Flugkiller the Devastator (level 17, 0/104 HPs)
             Began as a Deep Elf Fire Elementalist on Aug 6, 2019.
             Was a High Priest of Vehumet.
             Slain by a salamander
             ... wielding a +0 trident
              (17 damage)
             ... on level 3 of the Snake Pit.
             The game lasted 00:55:42 (34897 turns).

Flugkiller the Devastator (DEFE)                   Turns: 34897, Time: 00:55:42

Health: 0/104      AC:  8    Str:  5    XL:     17   Next: 87%
Magic:  27/47      EV: 22    Int: 40    God:    Vehumet [*****.]
Gold:   3173       SH:  0    Dex: 15    Spells: 15/47 levels left

rFire    + . .     SeeInvis .   k - +1 spear of Xom {venom, *Drain Int+7 Stlth+}
rCold    . . .     Gourm    .   (no shield)
rNeg     . . .     Faith    .   y - +2 robe {Archmagi}
rPois    .         Spirit   .   h - +2 hat
rElec    .         Reflect  .   a - scarf {cloud immunity}
rCorr    .         Harm     .   N - +1 pair of gloves "Uptuud" {rF+}
MR       +....                  (no boots)
Stlth    +++.......             I - amulet of magic regeneration
HPRegen  0.27/turn              s - +5 ring of intelligence
MPRegen  0.55/turn              J - ring of magical power

@: about to teleport
A: no striking features
}: 1/15 runes: decaying
a: Renounce Religion


You were on level 3 of the Snake Pit.
You worshipped Vehumet.
Vehumet was extremely pleased with you.
You were not hungry.

You visited 6 branches of the dungeon, and saw 31 of its levels.
You also visited: Ice Cave and Volcano.

You collected 3333 gold pieces.
You spent 160 gold pieces at shops.

Inventory:

Hand Weapons
 k - the +1 spear of Xom (weapon) {venom, *Drain Int+7 Stlth+}
   (You found it on level 4 of the Swamp)

   It poisons the flesh of those it strikes.
   It affects your intelligence (+7).
   It causes draining when unequipped.
   It makes you more stealthy.
 Y - the +12 Vampire's Tooth {vamp}
   (You found it on level 13 of the Dungeon)

   It inflicts no extra harm, but heals its wielder when it wounds a living foe.
Missiles
 z - 3 throwing nets (quivered)
Armour
 a - a scarf of cloud immunity (worn)
   (You found it on level 13 of the Dungeon)
 h - a +2 hat (worn)
   (You found it on level 1 of the Snake Pit)
 t - a +2 robe of magic resistance
   (You took it off Jorgrun on level 2 of the Snake Pit)
 y - a +2 robe of the Archmagi (worn)
   (You took it off a naga sharpshooter on level 3 of the Snake Pit)
 H - a scarf of spirit shield
   (You found it on level 1 of the Swamp)
 N - the +1 pair of gloves "Uptuud" (worn) {rF+}
   (You found it on level 1 of the Swamp)

   It protects you from fire.
 W - a +0 cloak
   (You found it on level 12 of the Dungeon)
Magical Staves
 C - an uncursed staff of cold {unknown}
   (You found it on level 3 of the Snake Pit)
Jewellery
 r - an uncursed ring of protection from magic
   (You found it on level 5 of the Dungeon)
 s - a +5 ring of intelligence (left hand)
   (You found it on level 4 of the Dungeon)
 A - an uncursed ring of wizardry
   (You found it on level 6 of the Dungeon)
 F - an uncursed ring of protection from fire
   (You found it on level 8 of the Dungeon)
 I - an amulet of magic regeneration (around neck)
   (You found it on level 9 of the Dungeon)
 J - a ring of magical power (right hand)
   (You found it on level 11 of the Dungeon)
 P - an uncursed ring of protection from cold
   (You found it on level 14 of the Dungeon)
 U - the amulet of Henotheism {Acrobat rC+}
   (You found it on level 3 of the Snake Pit)

   [amulet of the acrobat]

   It helps you evade while moving and waiting.
   It protects you from cold.
Wands
 q - a wand of paralysis (14)
   (You found it on level 1 of the Lair of Beasts)
 u - a wand of iceblast (50)
   (You took it off Ijyb on level 5 of the Dungeon)
 x - a wand of digging (13)
   (You found it on level 7 of the Dungeon)
 E - a wand of acid (15)
   (You found it on level 1 of the Lair of Beasts)
 Q - a wand of enslavement (12)
   (You found it on level 1 of the Swamp)
Scrolls
 b - 8 scrolls of amnesia
 e - 9 scrolls of remove curse
 i - 2 scrolls of immolation
 j - 2 scrolls of summoning
 o - 4 scrolls of blinking
 p - 5 scrolls of teleportation
 v - a scroll of magic mapping
 B - 4 scrolls of enchant armour
 K - 2 scrolls of holy word
 M - 2 scrolls of fog
 S - 2 scrolls of vulnerability
 T - a scroll of fear
Potions
 d - 7 potions of heal wounds
 f - 16 potions of curing
 g - 9 potions of might
 l - 5 potions of cancellation
 m - a potion of agility
 n - 4 potions of mutation
 w - 3 potions of brilliance
 D - 6 potions of invisibility
 G - 7 potions of haste
 L - 2 potions of ambrosia {unknown}
 O - 3 potions of magic
 R - 2 potions of flight
 V - 2 potions of resistance
Comestibles
 c - 50 rations


   Skills:
 - Level 11.0 Fighting
 - Level 14.0 Dodging
 - Level 2.4 Stealth
 + Level 15.8 Spellcasting
 + Level 19.1 Conjurations
 + Level 17.5 Fire Magic
 - Level 5.0 Evocations


You had 15 spell levels left.
You knew the following spells:

 Your Spells              Type           Power        Failure   Level  Hunger
a - Flame Tongue          Conj/Fire      #####        0%          1    None
b - Bolt of Magma         Conj/Fire/Erth ########..   1%          5    None
c - Conjure Flame         Conj/Fire      ########     0%          3    None
d - Sticky Flame          Conj/Fire      ########     0%          4    None
e - Fireball              Conj/Fire      ########..   0%          5    None
f - Bolt of Fire          Conj/Fire      ########..   1%          6    None
i - Ignition              Fire           ########..   1%          8    #####..

Your spell library contained the following spells:

 Spells                   Type           Power        Failure   Level  Hunger
 Fire Storm               Conj/Fire      ########..   14%         9    ######.
 Chain Lightning          Conj/Air       ########..   30%         8    #####..
 Glaciate                 Conj/Ice       ########..   98%         9    ######.
 Magic Dart               Conj           ####         0%          1    None
 Sting                    Conj/Pois      ####         0%          1    None
 Searing Ray              Conj           ######       0%          2    None
 Throw Flame              Conj/Fire      ######       0%          2    None
 Iskenderun's Mystic Bla  Conj           ########     0%          4    None
 Animate Skeleton         Necr           N/A          1%          1    None
 Confusing Touch          Hex            #####.       1%          1    None
 Corona                   Hex            #####..      1%          1    None
 Freeze                   Ice            ####         1%          1    None
 Pain                     Necr           ####         1%          1    None
 Ensorcelled Hibernation  Hex/Ice        #####.       1%          2    None
 Poisonous Vapours        Pois/Air       #####.       1%          2    None
 Throw Frost              Conj/Ice       ######       1%          2    None
 Dazzling Spray           Conj/Hex       ######       1%          3    None
 Ignite Poison            Fire/Tmut/Pois #######.     1%          3    None
 Inner Flame              Hex/Fire       ########     1%          3    None
 Mephitic Cloud           Conj/Pois/Air  #######.     1%          3    None
 Force Lance              Conj/Tloc      ########     1%          4    None
 Fulminant Prism          Conj/Hex       ########..   1%          4    None
 Throw Icicle             Conj/Ice       ########     1%          4    None
 Venom Bolt               Conj/Pois      ########..   1%          5    None
 Olgreb's Toxic Radiance  Pois           #####...     2%          4    None
 Confuse                  Hex            #####...     3%          3    None
 Gell's Gravitas          Tloc           #####.....   3%          3    None
 Ozocubu's Armour         Chrm/Ice       #####...     3%          3    None
 Regeneration             Chrm/Necr      #####.....   3%          3    None
 Tukima's Dance           Hex            #####...     3%          3    None
 Vampiric Draining        Necr           #####.....   3%          3    None
 Yara's Violent Unravell  Hex/Tmut       #####.....   7%          5    None
 Animate Dead             Necr           N/A          10%         4    None
 Petrify                  Tmut/Erth      #####...     10%         4    None
 Summon Ice Beast         Ice/Summ       #####...     10%         4    None
 Ring of Flames           Chrm/Fire      ########..   22%         7    ###....
 Borgnjor's Vile Clutch   Necr/Erth      #####.....   26%         5    None
 Metabolic Englaciation   Hex/Ice        #####.....   26%         5    None
 Silence                  Hex/Air        #####.....   26%         5    None
 Darkness                 Hex            #####.....   83%         6    None
 Shadow Creatures         Summ           N/A          83%         6    None


Dungeon Overview and Level Annotations

Branches:
Dungeon (15/15)            Temple (1/1) D:4            Lair (6/6) D:11
  Swamp (4/4) Lair:2        Snake (3/4) Lair:4        Slime (0/5) Lair:5
    Orc (2/2) D:11            Elf (0/3) Orc:2        Vaults (0/5) D:13
 Depths (0/5) D:15

Altars:
Ashenzari
Cheibriados
Dithmenos
Fedhas
Gozag
Hepliaklqana
Okawaru
Ru
Uskayaw
Vehumet
Wu Jian
Xom
Yredelemnul
Zin
The Shining One
Jiyva
Lugonu

Shops:
D:6 *   D:7 !   Orc:2 %((   Snake:2 =}}   Snake:3 =

Annotations:
D:4 2 runed translucent doors
Lair:6 1 runed translucent door
Swamp:1 1 runed translucent door, CookieEater's ghost, adept GrEE


Message History

Confirm with . or Enter, or press ? or * to list all spells.
Aiming: Bolt of Magma (safe; 1% risk of failure)
Press: ? - help, Shift-Dir - straight line, f/p - salamander mystic
Aim: a salamander mystic, wielding a +0 quarterstaff and wearing a +0 robe (severely wounded)
You feel a surge of power!
The bolt of magma misses the salamander mystic.
The black mamba completely misses you. The salamander closely misses you.
The salamander mystic gestures at the salamander while chanting.
The salamander seems to speed up.
The black mamba misses you. The black mamba closely misses you.
The salamander completely misses you.
Casting: Bolt of Magma (safe; 1% risk of failure)
Confirm with . or Enter, or press ? or * to list all spells.
Aiming: Bolt of Magma (safe; 1% risk of failure)
Press: ? - help, Shift-Dir - straight line, f/p - salamander mystic
Aim: a salamander mystic, wielding a +0 quarterstaff and wearing a +0 robe (severely wounded)
You feel a surge of power!
The bolt of magma hits the salamander mystic!
The salamander mystic partially resists.
The salamander mystic is almost dead.
The black mamba completely misses you. The salamander barely misses you.
The salamander mystic casts a spell at the salamander.
The salamander seems to speed up.
The black mamba closely misses you.
Casting: Bolt of Magma (safe; 1% risk of failure)
Confirm with . or Enter, or press ? or * to list all spells.
Aiming: Bolt of Magma (safe; 1% risk of failure)
Press: ? - help, Shift-Dir - straight line, f/p - salamander mystic
Aim: a salamander mystic, wielding a +0 quarterstaff and wearing a +0 robe (almost dead)
You feel a surge of power!
The bolt of magma hits the salamander mystic!
The salamander mystic partially resists.
You kill the salamander mystic!
Vehumet accepts your kill. The salamander misses you.
The black mamba completely misses you.
The salamander hits you from afar with a +0 spear!
You are engulfed in flames.
You resist. The black mamba bites you!
As you read the scroll of teleportation, it crumbles to dust.
You feel strangely unstable.
The salamander hits you from afar with a +0 spear!
You are engulfed in flames.
You resist. The black mamba bites you!
* * * LOW HITPOINT WARNING * * *
The salamander hits you from afar with a +0 trident!
* * * LOW HITPOINT WARNING * * *
You are engulfed in flames.
You resist.
* * * LOW HITPOINT WARNING * * *
The black mamba bites you!!
* * * LOW HITPOINT WARNING * * *
The salamander completely misses you.
The salamander hits you from afar with a +0 trident!
You die...

..#.....#..##'#.....#
...#...#...#..'.....#
....###....+.##....##
...#...#...###.....#
..#.....#..........###
##.......#...........#
..#.....#.........####
...#...#..........#
....###.....####@.#
...# ....#..'S.# ..#.
.. #..#NN## #...#N).#
#[.)#...## #..##....#
.####.....#
.........## ........##


You could see 3 salamanders and a black mamba.

Vanquished Creatures
  the Lernaean hydra (Swamp:4)
  Jorgrun (Snake:2)
  Frances (Snake:1)
  4 thorn hunters
  2 vampire knights (D:13)
  2 very ugly things (IceCv)
  Snorg (Orc:1)
  A fire dragon (D:15)
  An ogre mage (D:15)
  A ghost crab (Swamp:4)
  27 hydras
  7 naga warriors
  An ice dragon (D:15)
  2 shambling mangroves (Swamp:3)
  A catoblepas (Lair:6)
  2 centaur warriors
  A death knight (D:11)
  20 alligators
  3 anacondas
  9 two-headed ogres
  2 death yaks (Lair:5)
  The ghost of anything the Basher, a novice DsFi of Gozag (D:9)
  The ghost of happy the Fighter, a novice OpWn of Kikubaaqudgha (D:9)
  4 orc high priests
  6 naga sharpshooters
  5 shock serpents
  Sonja (Lair:5)
  A skeletal warrior (D:11)
  A salamander mystic (Snake:3)
  14 swamp dragons
  3 spriggan druids
  A wizard (D:13)
  An unseen horror (D:14)
  2 lindwurms (Lair:6)
  2 naga ritualists
  2 deep elf archers (D:15)
  5 mana vipers
  5 deep elf magi
  Pikel (D:4)
  5 orc knights
  An ugly thing (D:12)
  3 orc sorcerers (Orc:2)
  6 salamanders
  A manticore (D:14)
  A wolf spider (D:15)
  6 slime creatures
  An oklob plant (Lair:4)
  7 cyclopes
  5 ice statues (IceCv)
  17 elephants (Lair:6)
  3 guardian serpents
  8 naga magi
  9 torpor snails
  21 black mambas
  Psyche (D:12)
  3 centaur skeletons (D:14)
  15 spiny frogs
  2 anaconda simulacra (IceCv)
  4 komodo dragons
  2 freezing wraiths (D:11)
  18 tyrant leeches
  20 hornets
  7 trolls
  A wind drake (shapeshifter) (D:13)
  2 raiju (Lair:6)
  12 polar bears
  9 hippogriffs
  29 blink frogs
  4 bog bodies
  8 spriggans
  A redback (shapeshifter) (D:15)
  A vampire (D:13)
  3 dire elephant simulacra (IceCv)
  4 water elementals (D:15)
  3 shadows
  3 wyverns
  45 yaks
  2 hungry ghosts
  3 wraiths
  3 basilisks
  9 insubstantial wisps
  A harpy simulacrum (IceCv)
  10 vampire mosquitoes
  11 swamp worms
  12 wargs
  3 iron troll simulacra (IceCv)
  29 nagas
  A soldier ant (D:8)
  4 porcupines
  15 water moccasins
  13 hell hounds (Lair:6)
  8 ice beasts
  14 swamp drakes
  28 orc warriors
  A slave (D:5)
  5 sky beasts
  12 black bears
  7 phantoms
  10 ogres
  A necrophage (D:8)
  5 boggarts (D:14)
  20 centaurs
  26 wolves
  12 crocodiles
  2 big kobolds
  7 bullfrogs
  A gnoll sergeant (D:4)
  8 scorpions
  A water moccasin skeleton (D:4)
  A troll zombie (D:11)
  7 wights
  2 electric eels
  2 howler monkeys (D:4)
  A centaur zombie (D:5)
  A quasit (D:11)
  5 crimson imps
  A bullfrog zombie (D:6)
  10 hounds
  25 orc wizards
  24 orc priests
  5 jellies
  3 bullfrog skeletons
  Jessica (D:3)
  A gnoll shaman (D:5)
  Ijyb (D:5)
  Terence (D:2)
  5 iguanas
  6 worker ants
  7 ogre zombies (D:11)
  2 hound zombies
  A hound skeleton (D:8)
  A howler monkey zombie (D:9)
  6 gnolls
  8 adders
  5 shadow imps
  2 oozes
  3 adder skeletons
  3 adder zombies
  3 worms
  4 leopard geckos
  87 orcs
  A ball python (D:4)
  5 bats
  8 giant cockroaches
  8 goblins
  7 hobgoblins
  2 jackals (D:5)
  22 kobolds
  2 quokkas
  8 frilled lizards
  7 goblin zombies (D:11)
  A hobgoblin skeleton (D:11)
  4 hobgoblin zombies (D:11)
  A leopard gecko zombie (D:9)
  6 orc skeletons (D:11)
  7 orc zombies (D:11)
  2 quokka zombies
  6 rats
  2 briar patches (Swamp:4)
  A bush (Lair:6)
  3 fungi
  7 plants
1065 creatures vanquished.

Vanquished Creatures (others)
  A centaur skeleton (D:15)
  Grinder (D:5)
  A slave (D:5)
  A centaur (Volcano)
  An orc wizard (D:9)
  An orc (Orc:2)
  3 briar patches (Swamp:4)
  10 fungi
  32 plants (Lair:6)
  A withered plant (D:9)
52 creatures vanquished.

Grand Total: 1117 creatures vanquished

Notes
Turn   | Place    | Note
-------+----------+-------------------------------------------
     0 | D:1      | Flugkiller the Deep Elf Fire Elementalist began the quest
                  | for the Orb.
     0 | D:1      | Reached XP level 1. HP: 10/10 MP: 6/6
   427 | D:1      | Reached XP level 2. HP: 15/15 MP: 6/8
   782 | D:1      | Reached skill level 2 in Conjurations
  1032 | D:2      | Reached XP level 3. HP: 10/19 MP: 3/10
  1236 | D:2      | Learned a level 3 spell: Conjure Flame
  1258 | D:2      | Reached XP level 4. HP: 23/24 MP: 7/11
  1512 | D:2      | Reached skill level 3 in Conjurations
  1568 | D:2      | Learned a level 4 spell: Sticky Flame
  1580 | D:2      | Found a shimmering altar of Xom.
  1581 | D:2      | Found a hazy altar of Hepliaklqana.
  1581 | D:2      | Noticed an insubstantial wisp
  1582 | D:2      | Noticed an insubstantial wisp
  1582 | D:2      | Noticed a spectral ugly thing
  1884 | D:2      | Noticed Terence
  1916 | D:2      | Killed Terence
  2182 | D:3      | Reached XP level 5. HP: 28/28 MP: 5/13
  2418 | D:3      | Found a glowing golden altar of the Shining One.
  2568 | D:3      | Found a shadowy altar of Dithmenos.
  2652 | D:3      | Noticed Jessica
  2668 | D:3      | Killed Jessica
  2875 | D:4      | Reached skill level 5 in Fire Magic
  2885 | D:4      | Reached skill level 4 in Conjurations
  3059 | D:3      | Reached XP level 6. HP: 19/32 MP: 10/14
  3503 | D:4      | Found a basalt altar of Yredelemnul.
  3504 | D:4      | Found a shattered altar of Ashenzari.
  3504 | D:4      | Found a sacrificial altar of Ru.
  3505 | D:4      | Found an opulent altar of Gozag.
  3540 | D:4      | Reached skill level 5 in Spellcasting
  3540 | D:4      | Reached skill level 5 in Conjurations
  3547 | D:4      | Reached XP level 7. HP: 34/36 MP: 5/16
  3561 | D:4      | Found a large runed translucent door.
  3561 | D:4      | Found a large runed translucent door.
  3573 | D:4      | Found a large runed translucent door.
  3573 | D:4      | Found a large runed translucent door.
  3589 | D:4      | Found a staircase to the Ecumenical Temple.
  3608 | Temple   | Entered the Ecumenical Temple
  3624 | Temple   | Became a worshipper of Vehumet
  4311 | D:4      | Reached skill level 6 in Conjurations
  4771 | D:4      | Learned a level 5 spell: Fireball
  4928 | D:5      | Entered Level 5 of the Dungeon
  4929 | D:5      | Noticed Pikel
  4944 | D:4      | Killed Pikel
  4944 | D:4      | Reached skill level 7 in Conjurations
  4944 | D:4      | Reached XP level 8. HP: 14/41 MP: 8/20
  5255 | D:5      | Killed Grinder
  5540 | D:4      | Got a polished halberd
  5541 | D:4      | Identified the +4 halberd "Killer Klown's Death" {drain,
                  | *Noise +Blink rF++ Stlth+} (You found it on level 4 of the
                  | Dungeon)
  5645 | D:5      | Noticed Ijyb
  5650 | D:5      | Killed Ijyb
  5665 | D:5      | Found a snail-covered altar of Cheibriados.
  5824 | D:4      | Reached skill level 8 in Conjurations
  6033 | D:5      | Got a slimy silver ring
  6034 | D:5      | Identified the ring "Ustruipes" {rPois rF+ rC- Str+2} (You
                  | found it on level 5 of the Dungeon)
  6095 | D:5      | Found a shimmering altar of Xom.
  6224 | D:5      | Found a blossoming altar of Fedhas.
  6383 | D:6      | Found a shadowy altar of Dithmenos.
  6402 | D:6      | Reached XP level 9. HP: 39/45 MP: 12/22
  6757 | D:6      | Found an opulent altar of Gozag.
  6759 | D:6      | Found Gozag's Platinum Reserve.
  6850 | D:6      | Reached * piety under Vehumet
  6850 | D:6      | Offered knowledge of Sandblast by Vehumet.
  7515 | D:7      | Reached skill level 9 in Conjurations
  7764 | D:7      | Found Heumats's Distillery.
  7767 | D:7      | Bought a potion of heal wounds for 80 gold pieces
  7767 | D:7      | Bought a potion of heal wounds for 80 gold pieces
  8007 | D:8      | Found an ornate altar of the Wu Jian Council.
  8235 | D:8      | Reached skill level 10 in Fire Magic
  8573 | D:8      | Offered knowledge of Freeze by Vehumet.
  8577 | D:8      | Reached skill level 10 in Conjurations
  8582 | D:8      | Reached ** piety under Vehumet
  9122 | D:9      | Reached XP level 10. HP: 50/50 MP: 19/25
  9218 | D:9      | Reached skill level 10 in Spellcasting
  9625 | D:9      | Reached skill level 1 in Fighting
  9853 | D:9      | Found a runed translucent gate.
  9853 | D:9      | Found a runed translucent gate.
  9853 | D:9      | Found a runed translucent gate.
  9857 | D:9      | Noticed happy's ghost (novice OpWn)
  9857 | D:9      | Noticed anything's ghost (novice DsFi)
  9981 | D:9      | Offered knowledge of Static Discharge by Vehumet.
 10155 | D:9      | Killed happy's ghost
 10155 | D:9      | Reached skill level 5 in Dodging
 10286 | D:9      | Killed anything's ghost
 10454 | D:10     | Entered Level 10 of the Dungeon
 10943 | D:10     | Reached *** piety under Vehumet
 11159 | D:11     | Reached skill level 5 in Fighting
 11159 | D:11     | Reached XP level 11. HP: 63/63 MP: 27/27
 11346 | D:11     | Offered knowledge of Airstrike by Vehumet.
 11421 | D:11     | Reached **** piety under Vehumet
 11524 | D:11     | Offered knowledge of Stone Arrow by Vehumet.
 11539 | D:11     | Found a staircase to the Orcish Mines.
 11605 | D:11     | Noticed a death knight
 11613 | D:11     | Noticed a skeletal warrior
 11620 | D:11     | Killed a death knight
 11620 | D:11     | Reached skill level 1 in Evocations
 11636 | D:11     | Killed a skeletal warrior
 11718 | D:11     | Found a staircase to the Lair.
 12372 | Lair:1   | Entered Level 1 of the Lair of Beasts
 12727 | Lair:1   | Noticed a seven-headed hydra
 12731 | Lair:1   | Killed a seven-headed hydra
 12731 | Lair:1   | Reached skill level 11 in Conjurations
 13171 | Lair:2   | Found a staircase to the Swamp.
 13213 | Lair:2   | Reached skill level 5 in Evocations
 13217 | Lair:2   | Reached XP level 12. HP: 70/70 MP: 21/28
 13219 | Lair:2   | Reached ***** piety under Vehumet
 13220 | Lair:2   | Offered knowledge of Bolt of Magma by Vehumet.
 13250 | Lair:2   | Learned a level 5 spell: Bolt of Magma
 13835 | Lair:2   | Found a snail-covered altar of Cheibriados.
 14199 | Lair:3   | Reached skill level 12 in Conjurations
 14861 | Lair:4   | Noticed a four-headed hydra
 14864 | Lair:4   | Killed a four-headed hydra
 14955 | Lair:4   | Found a dark tunnel.
 14964 | Volcano  | Entered a volcano
 15490 | Lair:4   | Found a staircase to the Snake Pit.
 15506 | Lair:4   | Offered knowledge of Spellforged Servitor by Vehumet.
 15507 | Lair:4   | Reached XP level 13. HP: 74/74 MP: 21/31
 15511 | Lair:4   | Reached skill level 13 in Conjurations
 15849 | Lair:4   | You fall into a shaft and drop 2 floors!
 15849 | Lair:6   | Entered Level 6 of the Lair of Beasts
 16626 | Lair:5   | Found a runed translucent door.
 16626 | Lair:5   | Found a viscous altar of Jiyva.
 16626 | Lair:5   | Found a staircase to the Slime Pits.
 16794 | Lair:5   | Noticed Sonja
 16795 | Lair:5   | Killed Sonja
 17573 | Lair:6   | Reached skill level 15 in Spellcasting
 17753 | Lair:5   | Reached skill level 10 in Dodging
 18182 | Lair:6   | Found a runed translucent door.
 18412 | Lair:6   | Reached XP level 14. HP: 82/82 MP: 22/35
 19172 | Lair:6   | Reached skill level 14 in Conjurations
 19335 | Lair:6   | Offered knowledge of Conjure Ball Lightning by Vehumet.
 19893 | Lair:6   | Found a hazy altar of Hepliaklqana.
 19905 | Lair:6   | Reached skill level 15 in Conjurations
 20214 | Orc:1    | Entered Level 1 of the Orcish Mines
 20214 | Orc:1    | Noticed Snorg
 20221 | Orc:1    | Killed Snorg
 20647 | Orc:2    | Entered Level 2 of the Orcish Mines
 20740 | Orc:2    | Found a staircase to the Elven Halls.
 21244 | Orc:2    | Offered knowledge of Bolt of Fire by Vehumet.
 21270 | Orc:2    | Learned a level 6 spell: Bolt of Fire
 21343 | Orc:2    | Found Ipsowok's Food Shoppe.
 21343 | Orc:2    | Found Vaojukh's Weapon Boutique.
 21351 | Orc:2    | Found Engeomy's Book Boutique.
 21351 | Orc:2    | Found Seub's Antique Weapon Shoppe.
 23047 | D:12     | Noticed Psyche
 23051 | D:12     | Killed Psyche
 23051 | D:12     | Reached XP level 15. HP: 77/89 MP: 4/36
 24002 | D:13     | Found the +12 Vampire's Tooth {vamp}
 24046 | D:13     | Found a gate to the Vaults.
 24276 | D:14     | Reached ****** piety under Vehumet
 24276 | D:14     | Offered knowledge of Freezing Cloud by Vehumet.
 24344 | D:14     | Reached skill level 16 in Conjurations
 24997 | D:15     | Entered Level 15 of the Dungeon
 25434 | D:15     | Reached skill level 10 in Fighting
 25839 | D:15     | Found a staircase to the Depths.
 26384 | Swamp:1  | Entered Level 1 of the Swamp
 26776 | Swamp:1  | Offered knowledge of Ozocubu's Refrigeration by Vehumet.
 27034 | Swamp:1  | Learned a level 8 spell: Ignition
 27123 | Swamp:1  | Got a pair of crude gloves
 27134 | Swamp:1  | Identified the +1 pair of gloves "Uptuud" {rF+} (You found
                  | it on level 1 of the Swamp)
 27191 | Swamp:1  | Found a runed translucent door.
 27529 | Swamp:1  | Noticed CookieEater's ghost (adept GrEE)
 27554 | Swamp:2  | Noticed a thorn hunter
 27558 | Swamp:2  | Killed a thorn hunter
 27558 | Swamp:2  | Reached XP level 16. HP: 98/98 MP: 32/37
 28635 | Swamp:3  | Reached skill level 15 in Fire Magic
 29782 | Swamp:4  | Entered Level 4 of the Swamp
 29796 | Swamp:4  | Noticed a thorn hunter
 29798 | Swamp:4  | Killed a thorn hunter
 29921 | Swamp:4  | Noticed a thorn hunter
 29922 | Swamp:4  | Offered knowledge of Bolt of Cold by Vehumet.
 29930 | Swamp:4  | Killed a thorn hunter
 30297 | Swamp:4  | Got a brightly glowing spear
 30315 | Swamp:4  | Identified the cursed +1 spear of Xom {venom, *Drain Int+7
                  | Stlth+} (You found it on level 4 of the Swamp)
 30663 | Swamp:4  | Noticed the 27-headed Lernaean hydra
 30667 | Swamp:4  | Killed the 27-headed Lernaean hydra
 30667 | Swamp:4  | Reached skill level 17 in Conjurations
 30667 | Swamp:4  | Reached XP level 17. HP: 96/103 MP: 32/38
 30916 | Swamp:4  | Got a decaying rune of Zot
 31192 | Snake:1  | Entered Level 1 of the Snake Pit
 32042 | Snake:1  | Got a smoking leather armour
 32065 | Snake:1  | Identified the cursed +0 leather armour "Ikhusuox" {rN++
                  | MR- Str+9} (You found it on level 1 of the Snake Pit)
 32124 | Snake:1  | Reached skill level 18 in Conjurations
 32271 | Snake:1  | Noticed Frances
 32274 | Snake:1  | Killed Frances
 32354 | Snake:2  | Found a frozen archway.
 32366 | IceCv    | Entered an ice cave
 32456 | IceCv    | Got a translucent quarterstaff
 32461 | IceCv    | Identified the cursed +3 quarterstaff "Ifuj" {protect,
                  | Int+4} (You found it in an ice cave)
 32687 | Snake:2  | Found Sitatey's Gadget Shoppe.
 32688 | Snake:2  | Found Niwamegh's Jewellery Boutique.
 32689 | Snake:2  | Found Goruwets's Gadget Shoppe.
 32911 | Snake:2  | Offered knowledge of Fire Storm by Vehumet.
 32911 | Snake:2  | Offered knowledge of Glaciate by Vehumet.
 32911 | Snake:2  | Offered knowledge of Chain Lightning by Vehumet.
 33102 | Snake:2  | Noticed Jorgrun
 33106 | Snake:2  | Killed Jorgrun
 33690 | Snake:3  | Reached skill level 19 in Conjurations
 34571 | Snake:3  | Got a translucent brass amulet
 34573 | Snake:3  | Identified the amulet of Henotheism {Acrobat rC+} (You
                  | found it on level 3 of the Snake Pit)
 34633 | Snake:3  | Found Ges Orir's Jewellery Boutique.
 34897 | Snake:3  | Slain by a salamander

Levels and vault maps discovered:
D:1:      minmay_arrival_three_doors, layout_loops_corners,
          chequers_serial_rivers_micro_a, chequers_mini_garden
D:2:      layout_loops_corners, regret_index_temple_of_mockery, serial_glass,
          glass_columns_c, glass_columns_b, glass_columns_a, glass_columns_a,
          glass_columns_a, glass_columns_c, glass_columns_b, glass_columns_a,
          first_ration, lexackson_kobold_supper, uniq_terence
D:3:      layout_loops_ring, lemuel_coloured_pillars_altar,
          grunt_dithmenos_smoke_and_mirrors, serial_glass, glass_columns_b,
          glass_columns_b, uniq_jessica
D:4:      minmay_inner_zag, layout_rooms,
          chequers_temple_overflow_statue_of_worship, temple_green,
          cheibrodos_sewer_entry_bend, grunt_ministairs_13,
          minmay_hollow_rounded_squares
D:5:      layout_rooms, nicolae_overflow_hidden_temple, fedhas_altar_4,
          brannock_xom_greatest_gift, uniq_pikel, uniq_grinder, uniq_ijyb
D:6:      layout_rooms, basic_altar, minivault_1,
          nicolae_gozag_zags_fifth_avenue
D:7:      layout_rooms, serial_shops, nicolae_shop_behind_doors
D:8:      layout_loops_cross, lemuel_round_altar, hangedman_pestilent_swarm,
          chequers_avenue
D:9:      layout_basic, gammafunk_ghost_cemetery
D:10:     layout_loops_ring
D:11:     layout_basic, lair_entry_dummy, zombieorc2_lemuel
D:12:     layout_rooms, uniq_psyche
D:13:     layout_small_grid, david_vaults_1, kennysheep_doodads,
          minmay_guarded_unrand_vampires_tooth
D:14:     layout_rooms, nicolae_two_hexagons
D:15:     grunt_enter_depths_hoard, layout_basic, minivault_14,
          chequers_arboretum, minmay_three_doors
Temple:   kb_corrupted_temple
Lair:1:   layout_roguey, serial_bayou_shore_a
Lair:2:   layout_gridlike, skrybe_swamp_entry_bodies, kennysheep_snail_temple
Lair:3:   layout_regular_city
Lair:4:   layout_cave_pods, minmay_snake_entry_guardpost_medium,
          nicolae_volcano_entry_hallway, guppyfry_lair_drakes
Lair:5:   layout_loops_ring, slime_altar_2, chequers_serial_rivers_marsh,
          beast_lair_carwin_10, uniq_sonja
Lair:6:   hangedman_lair_caniforms_friends, layout_small_grid, wormcave,
          basic_altar, grunt_megastairs_2
Swamp:1:  layout_falls_marsh, ebering_ghost_reflecting_pool,
          hangedman_swamp_ruin_hall, swamp_pool1, infiniplex_staircase_pool_2
Swamp:2:  layout_basic_swamp, infiniplex_staircase_pool
Swamp:3:  layout_basic_swamp, serial_swamp_ruin, evilmike_swamp_ruin_house_6,
          evilmike_swamp_ruin_rubble_2, swamp_pool1
Swamp:4:  swamp_old_school, layout_basic_swamp
Snake:1:  layout_honeycomb, uniq_frances
Snake:2:  layout_honeycomb, portal_ice_cave_entry_pillars_1, minmay_shop_grove,
          uniq_jorgrun
Snake:3:  nicolae_snakescales, layout_cave_town, minmay_shop_enchanted_jewellery
Orc:1:    layout_diamond_mine, uniq_snorg
Orc:2:    grunt_orc_tribal_feast, layout_diamond_mine

Skill      XL: |  1  2  3  4  5  6  7  8  9 10 11 12 13 14 15 16 17 |
---------------+----------------------------------------------------+-----
Conjurations   | 2 3 4 5 7 8 10 11 12 13 15 16 17 19 | 19.1
Fire Magic     | 4 5 6 7 8 10 11 12 13 17 | 17.5
Spellcasting   | 4 5 6 7 9 10 12 15 | 15.8
Dodging        | 7 9 10 12 13 14 | 14.0
Fighting       | 5 6 7 8 10 11 | 11.0
Evocations     | 5 |  5.0
Stealth        | |  2.4

Action                   |  1- 3 |  4- 6 |  7- 9 | 10-12 | 13-15 | 16-18 || total
-------------------------+-------+-------+-------+-------+-------+-------++-------
Melee: Unarmed           |     2 |     2 |       |       |       |       ||     4
       Halberd           |       |       |     3 |    49 |    55 |     1 ||   108
       Spear             |       |       |       |       |       |    11 ||    11
 Cast: Flame Tongue      |    48 |   116 |   242 |   329 |    15 |     9 ||   759
       Sticky Flame      |       |     1 |    10 |    26 |    15 |     5 ||    57
       Fireball          |       |       |    25 |   134 |   419 |   273 ||   851
       Conjure Flame     |       |       |     3 |    17 |     2 |       ||    22
       Bolt of Magma     |       |       |       |    14 |   153 |    53 ||   220
       Bolt of Fire      |       |       |       |       |    56 |    87 ||   143
       Ignition          |       |       |       |       |       |    12 ||    12
Evoke: Wand              |       |       |     1 |       |    10 |     2 ||    13
  Use: Scroll            |       |     3 |     7 |     8 |    16 |    10 ||    44
 Stab: Sleeping          |     1 |       |       |     1 |       |       ||     2
  Eat: Chunk             |       |     8 |    22 |    21 |    36 |    12 ||    99
       Ration            |       |       |       |     3 |     1 |     5 ||     9
Armor: Robe              |     6 |     4 |     3 |    13 |    25 |     7 ||    58
Dodge: Dodged            |    16 |    24 |    38 |   119 |   225 |    86 ||   508
Block: Other             |       |       |     3 |     5 |       |       ||     8
       Reflection        |       |       |       |     1 |       |       ||     1

Table legend:
 A = Non-vault XP
 B = Vault XP
 C = Vault XP percentage of total XP
 D = Non-vault monster count
 E = Vault monster count
 F = Vault count percentage of total count
                 A         B        C        D         E       F
            +---------+---------+-------+---------+---------+-------
      Total |  196719 |   83652 |  29.8 |     783 |     270 |  25.6
            +---------+---------+-------+---------+---------+-------
        D:1 |      29 |       0 |   0.0 |      18 |       0 |   0.0
        D:2 |     106 |      43 |  28.9 |      22 |       6 |  21.4
        D:3 |      50 |      40 |  44.4 |      13 |       2 |  13.3
        D:4 |     862 |    1090 |  55.8 |      27 |      19 |  41.3
        D:5 |     408 |      36 |   8.1 |      15 |       1 |   6.2
        D:6 |     561 |       0 |   0.0 |      11 |       0 |   0.0
        D:7 |     813 |       0 |   0.0 |      19 |       0 |   0.0
        D:8 |     927 |     524 |  36.1 |      21 |       4 |  16.0
        D:9 |    1967 |    1695 |  46.3 |      41 |       2 |   4.7
       D:10 |    1010 |       0 |   0.0 |      15 |       0 |   0.0
       D:11 |    6151 |     775 |  11.2 |      27 |      36 |  57.1
       D:12 |    4363 |     424 |   8.9 |      39 |       1 |   2.5
       D:13 |    2403 |    6430 |  72.8 |       6 |      12 |  66.7
       D:14 |    7402 |       0 |   0.0 |      29 |       0 |   0.0
       D:15 |   15361 |    3749 |  19.6 |      41 |       5 |  10.9
     Lair:1 |    3155 |       0 |   0.0 |      13 |       0 |   0.0
     Lair:2 |    4900 |    1973 |  28.7 |      25 |       5 |  16.7
     Lair:3 |    5272 |       0 |   0.0 |      23 |       0 |   0.0
     Lair:4 |    8965 |    1999 |  18.2 |      34 |       8 |  19.0
     Lair:5 |    2543 |    3070 |  54.7 |      12 |       8 |  40.0
     Lair:6 |   18750 |   16855 |  47.3 |      47 |      75 |  61.5
    Swamp:1 |   13359 |       0 |   0.0 |      25 |       0 |   0.0
    Swamp:2 |   15756 |       0 |   0.0 |      32 |       0 |   0.0
    Swamp:3 |   17834 |       0 |   0.0 |      46 |       0 |   0.0
    Swamp:4 |   19393 |   19055 |  49.6 |      30 |      23 |  43.4
    Snake:1 |   13853 |    2213 |  13.8 |      30 |       1 |   3.2
    Snake:2 |    9743 |    3646 |  27.2 |      19 |       2 |   9.5
    Snake:3 |   14330 |    4021 |  21.9 |      28 |       8 |  22.2
      Orc:1 |    2909 |    1152 |  28.4 |      41 |       1 |   2.4
      Orc:2 |    3544 |    7025 |  66.5 |      34 |      29 |  46.0
      IceCv |       0 |    7837 | 100.0 |       0 |      22 | 100.0
            +---------+---------+-------+---------+---------+-------
